Map: Jagannatha LE

Players

Antis

  • Race: Zerg Zerg

DisK - Winner!

  • Race: Protoss Protoss

VOD

Have the link to the VOD?

Description

Time

  • Played on: Oct. 5, 2021, 3:39 p.m.
  • Length: 12:57
Show
View Real Time Build Order
Export as new Build Order

Antis Zerg 

Build Orders: Hatch First 

Get SALT Encoding   

  12  0:00  Drone  
  13  0:12  Overlord  
  13  0:17  Drone  
  14  0:31  Drone x2  
  16  0:48  Hatchery  
  15  0:52  Drone  
  15  0:55  Drone  
  17  0:59  Drone  
  18  1:10  Extractor  
  17  1:15  Spawning Pool  
  17  1:18  Drone  
  17  1:21  Drone  
  18  1:31  Drone  
  19  1:40  Drone  
  20  1:52  Overlord  
  20  2:01  Queen x2  
  20  2:04  Zergling x4  
  26  2:12  Drone  
  26  2:14  Drone, Metabolic Boost  
  28  2:23  Drone x2  
  30  2:37  Hatchery  
  29  2:45  Drone  
  29  2:46  Drone  
  29  2:51  Queen  
  31  2:55  Zergling x2  
  31  2:57  Overlord  
  34  3:04  Zergling x2  
  34  3:05  Drone x2  
  35  3:19  Drone x2, Spore Crawler  
  38  3:20  Drone x3  
  39  3:29  Zergling x2  
  39  3:34  Queen x2  
  40  3:38  Overlord  
  40  3:40  Overlord  
  44  3:45  Spore Crawler  
  44  3:46  Spore Crawler  
  42  3:57  Drone x6  
  42  4:00  Drone  
  49  4:06  Zergling x2  
  49  4:09  Drone x3  
  53  4:14  Overlord  
  53  4:15  Overlord  
  53  4:18  Drone  
  53  4:19  Drone  
  55  4:27  Drone x3  
  56  4:34  Drone x6  
  61  4:40  Roach Warren  
  61  4:44  Queen  
  62  4:54  Overlord  
  62  4:55  Queen  
  62  4:56  Queen  
  62  4:58  Drone  
  62  4:59  Extractor  
  66  5:00  Extractor  
  66  5:05  Drone x3  
  66  5:06  Overlord  
  68  5:15  Zergling x2  
  68  5:16  Zergling x6  
  72  5:24  Roach x5  
  72  5:25  Roach x3  
  87  5:45  Overlord x3  
  87  5:46  Overlord  
  87  5:48  Extractor  
  87  5:49  Ravager x3, Extractor  
  89  5:50  Ravager, Spore Crawler x3  
  91  6:08  Roach x7  
  103  6:16  Zergling x18  
  107  6:19  Ravager  
  107  6:22  Queen x2  
  107  6:23  Spore Crawler  
  111  6:26  Zergling x8  
  115  6:33  Overlord x2  
  115  6:35  Lair  
  115  6:37  Overlord  
  106  6:58  Zergling x16  
  106  6:59  Queen x2  
  97  7:11  Roach x6  
  97  7:14  Ravager  
  94  7:32  Roach x7  
  94  7:35  Queen  
  104  7:39  Glial Reconstitution  
  104  7:41  Drone  
  104  7:43  Evolution Chamber  
  97  7:49  Drone x3  
  98  7:55  Zergling x2  
  98  7:56  Zergling x8  
  103  8:04  Overseer  
  99  8:08  Drone x3  
  99  8:09  Zerg Missile Weapons Level 1, Extractor  
  99  8:11  Drone x3  
  102  8:19  Drone x3  
  105  8:21  Hatchery  
  104  8:28  Ravager, Extractor  
  104  8:29  Drone x3, Extractor  
  106  8:36  Overlord  
  106  8:39  Zergling x2  
  106  8:40  Zergling x16  
  115  8:48  Hatchery, Overlord  
  114  8:52  Drone x4  
  116  9:03  Roach x3  
  111  9:17  Roach x9  
  122  9:33  Roach  
  122  9:34  Roach x7  
  122  9:35  Ravager x8, Overseer  
  122  9:37  Zergling x2  
  122  9:38  Zergling x8  
  149  9:58  Roach x3  
  153  10:00  Overlord x5  
  146  10:21  Roach  
  146  10:22  Roach x10  
  156  10:34  Pneumatized Carapace  
  156  10:35  Overseer x2  
  146  10:37  Roach  
  146  10:38  Roach x5  
  158  10:46  Roach x4  
  166  10:53  Ravager  
  166  10:54  Ravager x2  
  166  10:56  Roach x4  
  177  11:03  Ravager x2  
  161  11:21  Roach  
  161  11:22  Roach x10  
  161  11:24  Overlord  
  180  11:35  Drone x3  
  166  11:48  Roach x8  
  166  11:57  Overseer  
  128  12:13  Roach  
  128  12:14  Roach  
  128  12:15  Roach x8  
  129  12:28  Roach x7  
  127  12:30  Ravager  
  127  12:35  Roach  
  120  12:44  Ravager x3  
  120  12:45  Ravager  
  120  12:48  Ravager  
Show
View Real Time Build Order
Export as new Build Order

DisK Protoss - Winner!

Build Orders: 1 Gate Expand, Oracle Opening 

Get SALT Encoding   

  12  0:00  Probe  
  13  0:12  Probe  
  14  0:17  Pylon  
  14  0:24  Probe  
  15  0:37  Gateway  
  15  0:38  Probe (Chrono Boost)  
  16  0:46  Probe (Chrono Boost)  
  16  0:47  Assimilator  
  17  0:52  Probe  
  18  1:04  Probe  
  19  1:16  Probe  
  20  1:24  Nexus  
  20  1:34  Cybernetics Core  
  20  1:36  Probe  
  21  1:44  Assimilator  
  21  1:49  Probe  
  21  1:53  Pylon  
  22  2:01  Probe (Chrono Boost)  
  23  2:09  Adept (Chrono Boost)  
  23  2:12  Probe (Chrono Boost)  
  26  2:18  Stargate  
  26  2:20  Probe  
  27  2:25  Warp Gate  
  27  2:32  Adept  
  29  2:39  Probe (Chrono Boost)  
  29  2:44  Probe (Chrono Boost)  
  30  2:48  Probe (Chrono Boost)  
  32  2:52  Probe (Chrono Boost)  
  32  2:53  Probe (Chrono Boost)  
  33  2:59  Void Ray (Chrono Boost)  
  33  3:02  Probe  
  33  3:05  Probe  
  39  3:14  Probe  
  39  3:17  Probe  
  41  3:24  Gateway, Pylon  
  41  3:26  Probe  
  40  3:29  Probe  
  41  3:38  Oracle (Chrono Boost)  
  41  3:39  Probe  
  45  3:41  Probe  
  45  3:46  Twilight Council  
  46  3:51  Probe  
  46  3:54  Probe  
  48  3:59  Nexus  
  48  4:02  Pylon  
  48  4:04  Probe  
  48  4:06  Probe  
  50  4:13  Gateway  
  50  4:15  Gateway  
  50  4:16  Resonating Glaives (Chrono Boost)  
  50  4:23  Adept  
  52  4:27  Adept  
  52  4:28  Probe  
  54  4:33  Probe  
  54  4:38  Assimilator  
  55  4:40  Probe  
  55  4:42  Pylon  
  55  4:45  Adept  
  58  4:49  Adept  
  58  4:52  Shield Battery  
  60  4:54  Pylon  
  60  4:55  Probe x2  
  60  4:58  Assimilator  
  62  5:10  Adept x3  
  62  5:11  Pylon  
  62  5:13  Probe x3  
  71  5:21  Adept  
  73  5:25  Probe x2  
  73  5:26  Robotics Facility  
  75  5:33  Adept  
  75  5:35  Adept x2  
  81  5:41  Probe x3  
  81  5:42  Adept  
  86  5:50  Forge  
  86  5:53  Probe x2  
  86  5:56  Void Ray (Chrono Boost)  
  88  5:59  Shield Battery  
  88  6:00  Shield Battery  
  90  6:11  Shield Battery  
  90  6:12  Stalker x2  
  90  6:13  Shield Battery  
  91  6:20  Stalker  
  91  6:22  Stalker  
  95  6:26  Shield Battery  
  95  6:36  Stalker x2  
  95  6:37  Dark Shrine  
  95  6:54  Stalker x2  
  95  7:00  Stalker  
  95  7:01  Stalker  
  98  7:06  Probe x3  
  86  7:12  Immortal (Chrono Boost)  
  82  7:18  Probe x3  
  82  7:22  Stalker x2  
  82  7:28  Adept x2  
  78  7:30  Probe x2  
  63  7:47  Probe x3  
  63  7:48  Gateway  
  63  7:50  Gateway  
  62  7:52  Gateway  
  62  7:54  Gateway  
  62  7:56  Stalker  
  62  7:57  Stalker x2  
  62  7:58  Dark Templar  
  70  8:02  Probe x2 (Chrono Boost)  
  70  8:03  Probe (Chrono Boost)  
  73  8:09  Blink (Chrono Boost)  
  73  8:11  Protoss Ground Weapons Level 1 (Chrono Boost)  
  75  8:13  Probe x2 (Chrono Boost)  
  75  8:14  Probe (Chrono Boost)  
  75  8:17  Probe (Chrono Boost)  
  75  8:18  Probe (Chrono Boost)  
  79  8:28  Immortal  
  79  8:32  Assimilator  
  84  8:35  Assimilator, Dark Templar  
  84  8:41  Pylon  
  84  8:43  Sentry x3  
  84  8:44  Stalker  
  84  8:45  Stalker  
  94  8:55  Adept x2  
  94  9:15  Stalker x4  
  94  9:16  Stalker  
  102  9:20  Probe x3  
  101  9:30  Shield Battery  
  101  9:31  Adept  
  101  9:32  Warp Prism, Probe  
  106  9:40  Robotics Bay  
  106  9:47  Stalker  
  106  9:57  Stalker x2  
  108  10:01  Pylon x2  
  108  10:03  Nexus  
  108  10:05  Pylon x2  
  108  10:06  Protoss Ground Weapons Level 2 (Chrono Boost)  
  108  10:12  Robotics Facility  
  108  10:16  Pylon  
  107  10:23  Dark Templar x2  
  107  10:24  Dark Templar  
  108  10:36  Stalker x3  
  108  10:42  Stalker x2  
  115  10:49  Shield Battery  
  115  10:50  Shield Battery  
  118  10:57  Disruptor (Chrono Boost)  
  118  10:59  Disruptor (Chrono Boost)  
  121  11:05  Stalker x3  
  119  11:14  Dark Templar  
  119  11:15  Zealot x4  
  123  11:23  Disruptor (Chrono Boost)  
  122  11:35  Stalker x3  
  119  11:50  Dark Templar x2  
  121  11:57  Disruptor  
  107  12:13  Stalker  
  107  12:14  Stalker x4  
  113  12:26  Nexus  
  103  12:37  Dark Templar  
  103  12:40  Pylon  
  103  12:42  Stalker x6  
Tags
 
Add a new tag
Caveats
  • Supply blocks, unpowered buildings, or Contaminate may cause inaccurate times.
  • Supply counts are checked every 10 seconds.